 Dungeon Crawl Stone Soup version 0.22-a0-283-g1871b15 (webtiles) character file.

52520 Amnesiac the Destroyer (level 14, -11/84 HPs)
             Began as a Tengu Air Elementalist on Mar 20, 2018.
             Was a High Priest of Sif Muna.
             Mangled by an Executioner (23 damage)
             ... on level 2 of the Abyss.
             The game lasted 01:04:53 (29543 turns).

Amnesiac the Destroyer (Tengu Air Elementalist)    Turns: 29543, Time: 01:04:54

Health: -11/84     AC: 12    Str:  9    XL:     14   Next: 64%
Magic:  16/32      EV: 35    Int: 20    God:    Sif Muna [*****.]
Gold:   1195       SH:  7    Dex: 23    Spells: 11/39 levels left

rFire    . . .     SeeInvis .   a - +4 scimitar (flame)
rCold    . . .     Gourm    .   r - +1 buckler
rNeg     . . .     Faith    .   e - +3 troll leather armour {Snorg}
rPois    .         Spirit   .   (helmet restricted)
rElec    .         Reflect  .   s - scarf {cloud immunity}
rCorr    .         Harm     .   F - +1 pair of gloves {Dex+3}
MR       +....                  (boots unavailable)
Stlth    +++.......             (no amulet)
HPRegen  0.64/turn              h - +3 ring of protection
MPRegen  0.23/turn              y - +2 ring of evasion

@: agile, flying quickly and evasively, very slightly contaminated, divine
energy, quick
A: beak, talons 3, able to fly 2
a: Stop Flying, Stop Divine Energy, Channel Magic, Forget Spell, Renounce
Religion


You were on level 2 of the Abyss.
You worshipped Sif Muna.
Sif Muna was extremely pleased with you.
You were not hungry.

You visited 1 branch of the dungeon, and saw 15 of its levels.
You visited the Abyss 1 time.
You also visited: Sewer, Ossuary and Bailey.

You collected 1195 gold pieces.

Inventory:

Hand Weapons
 a - a +4 scimitar of flaming (weapon)
 D - the +5 scythe "Finisher" {speed, Str+3}
   (You took it off a big kobold on level 14 of the Dungeon)

   Attacks with this weapon are significantly faster.
   It affects your strength (+3).
Armour
 e - a +3 troll leather armour (worn) {Snorg}
 r - a +1 buckler (worn)
 s - a scarf of cloud immunity (worn)
 F - a +1 pair of gloves of dexterity (worn)
 K - +2 fire dragon scales
Magical Staves
 b - an uncursed staff of wizardry
Jewellery
 f - an uncursed ring of protection from cold
 h - a +3 ring of protection (left hand)
 y - a +2 ring of evasion (right hand)
Wands
 x - a wand of enslavement (20)
 B - a wand of random effects (30)
 G - a wand of iceblast (23)
Scrolls
 i - 2 scrolls of acquirement {!r}
 j - 3 scrolls of enchant armour {!r}
 k - 3 scrolls of fear {!r}
 m - 4 scrolls of remove curse {!r}
 n - a scroll of blinking {!r}
 w - 5 scrolls of amnesia {!r}
 z - a scroll of fog {!r}
 A - 2 scrolls of magic mapping {!r}
 H - a scroll of enchant weapon {!r}
 I - a scroll of brand weapon {!r}
 J - 2 scrolls of identify {!r}
Potions
 d - 3 potions of heal wounds {!q}
 g - 6 potions of flight {!q}
 o - a potion of brilliance {!q}
 p - 4 potions of curing {!q}
 q - 2 potions of magic {!q}
 t - a potion of resistance {!q}
 u - 3 potions of haste {!q}
 v - 2 potions of agility {!q}
 C - 2 potions of lignification {!q}
 E - a potion of cancellation {!q}
 L - a potion of berserk rage {!q, unknown}
Comestibles
 c - 25 rations


   Skills:
 - Level 8.0 Fighting
 - Level 12.0 Dodging
 - Level 2.0 Stealth
 - Level 4.0 Shields
 - Level 13.0 Spellcasting
 - Level 13.0 Conjurations
 - Level 13.0 Air Magic
 * Level 6.0 Invocations


You had 11 spell levels left.
You knew the following spells:

 Your Spells              Type           Power        Failure   Level  Hunger
a - Airstrike             Air            ######....   1%          4    None
b - Static Discharge      Conj/Air       ######..     1%          3    None
c - Swiftness             Chrm/Air       #####...     1%          2    None
d - Lightning Bolt        Conj/Air       ######....   1%          5    ####...
e - Mephitic Cloud        Conj/Pois/Air  #####...     1%          3    None
r - Regeneration          Chrm/Necr      ##........   22%         3    None
s - Conjure Flame         Conj/Fire      #####...     1%          3    None
v - Blink                 Tloc           N/A          11%         2    None
z - Ozocubu's Armour      Chrm/Ice       ##......     22%         3    None


Dungeon Overview and Level Annotations

Branches:
Dungeon (15/15)            Temple (0/1) D:6            Lair (0/6) D:10
    Orc (0/2) D:10         Vaults (0/5) D:14
 Depths: D:15

Altars:
Fedhas
Gozag
Hepliaklqana
Kikubaaqudgha
Makhleb
Nemelex Xobeh
Okawaru
Qazlal
Ru
Sif Muna
Trog
Uskayaw
Wu Jian
The Shining One

Shops:
D:6 ?   D:13 !

Portals:
Trove: D:14 (give +4 demon whip)


Innate Abilities, Weirdness & Mutations

You have a beak for a mouth.
You have claws for feet.
You can fly continuously.


Message History

The floor.
Okay, then.
Unknown command.
The Executioner gives a hideous shriek!
The Executioner gestures at you. Pain shoots through your body!
The Executioner gestures at you. You resist with significant effort.
The Executioner gestures.
The Executioner seems to speed up.
The Executioner hits you but does no damage.
The Executioner hits you. You block the Executioner's attack.
The Executioner closely misses you. The Executioner hits you.
The Executioner barely misses you.
The Executioner hits you but does no damage. x2
The Executioner hits you!
* * * LOW HITPOINT WARNING * * *
The Executioner completely misses you. You block the Executioner's attack.
The Executioner closely misses you. The Executioner hits you!!
* * * LOW HITPOINT WARNING * * *
The Executioner completely misses you. The Executioner closely misses you.
Really read
n - 3 scrolls of blinking {!r}?
Blink to where?
Press: ? - help, Dir - move target cursor You are very lightly contaminated with residual magic.
As you read the scroll of blinking {!r}, it crumbles to dust. 2 spatial vortices come into view.
The spatial vortex moves out of view.
The spatial vortex completely misses you.
The Executioner gestures at you. Pain shoots through your body!
* * * LOW HITPOINT WARNING * * *
3 spatial vortices come into view.
A spatial maelstrom comes into view.
The spatial vortex moves out of view.
The Executioner hits you.
* * * LOW HITPOINT WARNING * * *
The Executioner completely misses you.
The Executioner hits you but does no damage.
Really read
n - 2 scrolls of blinking {!r}?
Blink to where?
Press: ? - help, Dir - move target cursor
As you read the scroll of blinking {!r}, it crumbles to dust. 3 spatial vortices and a smoke demon come into view.
The spatial vortex moves out of view.
A spatial vortex comes into view.
Really quaff
d - 4 potions of heal wounds {!q}?
You feel much better. The spatial maelstrom hits you!
* * * LOW HITPOINT WARNING * * *
Space bends around you.
* * * LOW HITPOINT WARNING * * *
You block the spatial maelstrom's attack.
The smoke demon roars!
A spatial vortex comes into view.
Okay, then.
Unknown command.
Really quaff
v - 3 potions of agility {!q}?
You feel agile all of a sudden. The Executioner closely misses you.
You block the Executioner's attack.
The Executioner hits you but does no damage.
The Executioner misses you. The Executioner hits you.
* * * LOW HITPOINT WARNING * * *
The Executioner completely misses you. The Executioner hits you!!
You die...

#.........###
#.#.##.##.#.### #
#.####.....# . .#
#.♣ #..##§###. ..#
♣.♣♣## ##.#..##.#
####..##..#..#..##
##.#...v.v.#..##
.....v.#.v......
#....v@..#
#...v1.v##
#..##..3.#
....#.#.#v..# ##
#.#...#..# .
###.....# ##
v..#.# #....# # #


You could see a spatial maelstrom, an Executioner, 8 spatial vortices and a
smoke demon.

Vanquished Creatures
  A tentacled starspawn (Abyss:2)
  The ghost of medis the Carver, a journeyman DsAK of Lugonu (D:14)
  Snorg (D:9)
  The ghost of Amnesiac the Thaumaturge, a journeyman TeAE of Sif Muna (D:11)
  4 centaur warriors
  2 death knights
  8 two-headed ogres
  Erica (D:9)
  An ogre mage (D:15)
  The ghost of Amnesiac the Zephyrmancer, a journeyman TeAE of Sif Muna (D:12)
  Urug (D:9)
  A thrashing horror (Abyss:2)
  A phantasmal warrior (D:12)
  3 orc knights
  7 ugly things
  3 deep elf magi
  3 manticores
  2 orc sorcerers
  A shadow dragon skeleton (Abyss:2)
  5 cyclopes
  Joseph (D:9)
  2 smoke demons (Abyss:2)
  Psyche (D:8)
  3 centaur skeletons
  5 yaktaurs
  A demonic crawler (Abyss:2)
  3 kobold demonologists
  5 trolls
  A queen bee (D:9)
  A hornet (D:10)
  3 meliai (D:13)
  7 slime creatures
  4 hippogriffs
  A ynoxinul (Abyss:2)
  3 wyverns
  10 yaks
  6 wraiths
  A human (D:9)
  A steam dragon (D:14)
  4 hogs (D:9)
  A hungry ghost (D:14)
  2 large abominations (Abyss:2)
  Menkaure (D:7)
  A soldier ant (D:14)
  4 vampire mosquitoes (D:14)
  An insubstantial wisp (Abyss:2)
  An acid dragon (D:15)
  A warg (D:9)
  A water moccasin (D:10)
  2 sky beasts (D:9)
  3 phantoms
  14 orc warriors
  5 ice beasts
  4 black bears
  An eye of draining (D:14)
  13 ogres
  A boggart (D:14)
  20 centaurs
  2 crocodiles
  2 elf zombies (Ossuary)
  13 big kobolds
  12 bullfrogs
  A wyvern zombie (D:8)
  A wyvern skeleton (D:12)
  4 scorpions
  28 killer bees
  2 howler monkeys
  7 crimson imps
  6 centaur zombies
  2 wyvern simulacra
  4 hounds
  3 bullfrog zombies
  3 jellies
  9 orc priests
  A gnoll shaman (D:8)
  2 bullfrog skeletons
  2 human zombies (Ossuary)
  An iron imp (Abyss:2)
  7 iguanas
  15 orc wizards
  6 worker ants
  A killer bee zombie (D:8)
  2 hound zombies (Ossuary)
  3 mummies (Ossuary)
  A worker ant zombie (D:7)
  16 gnolls
  9 adders
  6 shadow imps
  An ufetubus (Abyss:2)
  3 adder zombies (Ossuary)
  2 adder skeletons
  6 worms
  4 dart slugs
  4 leopard geckos
  63 orcs
  3 ball pythons
  8 bats
  2 bat skeletons (D:2)
  3 bat zombies (D:2)
  4 giant cockroaches
  2 gnoll zombies (Ossuary)
  30 hobgoblins
  5 jackals
  5 quokkas
  3 frilled lizards
  30 goblins
  6 goblin zombies (Ossuary)
  3 hobgoblin zombies (Ossuary)
  3 jackal zombies
  25 kobolds
  4 kobold zombies (Ossuary)
  A quokka skeleton (D:4)
  4 quokka zombies
  14 rats
  3 rat zombies (Ossuary)
599 creatures vanquished.

Vanquished Creatures (others)
  2 starspawn tentacles (Abyss:2)
2 creatures vanquished.

Grand Total: 601 creatures vanquished

Notes
Turn   | Place    | Note
-------+----------+-------------------------------------------
     0 | D:1      | Amnesiac the Tengu Air Elementalist began the quest for the Orb.
     0 | D:1      | Reached XP level 1. HP: 10/10 MP: 4/4
   118 | D:1      | Reached skill level 1 in Fighting
   294 | D:1      | Reached XP level 2. HP: 13/16 MP: 3/6
   881 | D:1      | Reached XP level 3. HP: 20/21 MP: 0/7
   950 | D:2      | Found an iron altar of Okawaru.
  1199 | D:2      | Noticed an orc warrior
  1211 | D:3      | Noticed a dagger
  1211 | D:3      | Noticed a hand axe
  1212 | D:3      | Found a hide-covered altar of Uskayaw.
  1398 | D:3      | Learned a level 3 spell: Static Discharge
  1412 | D:3      | Reached XP level 4. HP: 24/27 MP: 0/8
  1729 | D:3      | Found a hazy altar of Hepliaklqana.
  2389 | D:2      | Found a stormy altar of Qazlal.
  2444 | D:3      | Gained mutation: You can fly. [Tengu growth]
  2444 | D:3      | Reached XP level 5. HP: 11/32 MP: 9/9
  3753 | D:4      | Noticed an ogre
  3872 | D:4      | Reached XP level 6. HP: 32/37 MP: 0/10
  4607 | D:2      | Killed an orc warrior
  4806 | D:2      | Found an ancient bone altar of Kikubaaqudgha.
  5153 | D:4      | Reached skill level 1 in Shields
  5224 | D:5      | Entered Level 5 of the Dungeon
  5230 | D:5      | Found a glowing golden altar of the Shining One.
  5236 | D:5      | Reached XP level 7. HP: 18/42 MP: 1/11
  5336 | D:5      | Found a deep blue altar of Sif Muna.
  5560 | D:5      | Became a worshipper of Sif Muna the Loreminder
  5628 | D:5      | Found a glowing drain.
  5632 | Sewer    | Entered a sewer
  5816 | Sewer    | Learned a level 4 spell: Airstrike
  5821 | Sewer    | Learned a level 3 spell: Regeneration
  6079 | Sewer    | Found a white marble altar of Elyvilon.
  6641 | D:5      | Reached * piety under Sif Muna
  6641 | D:5      | Reached skill level 5 in Air Magic
  6702 | D:5      | Reached skill level 5 in Conjurations
  7065 | D:5      | Found a bloodstained altar of Trog.
  7244 | D:5      | Reached XP level 8. HP: 46/48 MP: 8/15
  7259 | D:5      | Found a blossoming altar of Fedhas.
  7948 | D:5      | Reached ** piety under Sif Muna
  8402 | D:6      | Found a deep blue altar of Sif Muna.
  8419 | D:6      | Found a staircase to the Ecumenical Temple.
  8786 | D:6      | Reached XP level 9. HP: 52/52 MP: 0/16
  8942 | D:6      | Learned a level 5 spell: Lightning Bolt
  9279 | D:6      | Reached *** piety under Sif Muna
  9351 | D:6      | Found Viovaeta's Magic Scroll Boutique.
  9786 | D:7      | Noticed Menkaure
  9789 | D:7      | Killed Menkaure
 10080 | D:7      | Found a sparkling altar of Nemelex Xobeh.
 10324 | D:7      | Reached skill level 10 in Conjurations
 10352 | D:7      | Reached skill level 5 in Spellcasting
 10417 | D:7      | Reached skill level 10 in Air Magic
 10650 | D:8      | Reached **** piety under Sif Muna
 10650 | D:8      | Reached XP level 10. HP: 56/56 MP: 0/19
 10964 | D:8      | Found a sand-covered staircase.
 10972 | Ossuary  | Entered an ossuary
 11725 | Ossuary  | Identified a scroll of acquirement {!r}
 11918 | D:8      | Noticed a two-headed ogre
 11924 | D:8      | Killed a two-headed ogre
 11924 | D:8      | Reached ***** piety under Sif Muna
 11948 | D:8      | Noticed a two-headed ogre
 11969 | D:8      | Killed a two-headed ogre
 12053 | D:8      | Found a sacrificial altar of Ru.
 12060 | D:8      | Noticed Psyche
 12081 | D:8      | Received a gift from Sif Muna
 12119 | D:6      | Learned a level 3 spell: Mephitic Cloud
 12145 | D:7      | Learned a level 2 spell: Blink
 12149 | D:7      | Learned a level 3 spell: Conjure Flame
 12152 | D:7      | Learned a level 2 spell: Swiftness
 12386 | D:8      | Killed Psyche
 12776 | D:9      | Found a burning altar of Makhleb.
 12810 | D:9      | Noticed Joseph
 12820 | D:9      | Killed Joseph
 12820 | D:9      | Reached XP level 11. HP: 23/60 MP: 8/25
 12825 | D:9      | Reached skill level 10 in Spellcasting
 14871 | D:9      | Found an ornate altar of the Wu Jian Council.
 15111 | D:9      | Noticed Erica
 15115 | D:9      | Killed Erica
 15198 | D:10     | Entered Level 10 of the Dungeon
 15204 | D:10     | Noticed Urug
 15809 | D:10     | Noticed a two-headed ogre
 15926 | D:10     | Noticed Snorg
 16677 | D:9      | Killed Snorg
 16677 | D:9      | Received a gift from Sif Muna
 16878 | D:9      | Killed Urug
 17344 | D:10     | Killed a two-headed ogre
 17344 | D:10     | Reached XP level 12. HP: 66/66 MP: 0/27
 17656 | D:10     | Found a staircase to the Orcish Mines.
 17707 | D:10     | Noticed a two-headed ogre
 17761 | D:10     | Killed a two-headed ogre
 17831 | D:10     | Found a staircase to the Lair.
 17969 | D:11     | Reached skill level 5 in Dodging
 18358 | D:11     | Noticed a two-headed ogre
 18362 | D:11     | Killed a two-headed ogre
 18412 | D:11     | Noticed Amnesiac's ghost (journeyman TeAE)
 18768 | D:11     | Reached skill level 5 in Fighting
 19667 | D:11     | Killed Amnesiac's ghost
 20288 | D:12     | Noticed Amnesiac's ghost (journeyman TeAE)
 20293 | D:12     | Killed Amnesiac's ghost
 20895 | D:12     | Noticed a two-headed ogre
 20900 | D:12     | Killed a two-headed ogre
 20900 | D:12     | Received a gift from Sif Muna
 20900 | D:12     | Reached XP level 13. HP: 75/75 MP: 8/29
 20906 | D:12     | Learned a level 3 spell: Ozocubu's Armour
 22270 | D:13     | Found a flagged portal.
 22316 | Bailey   | Entered a bailey
 23441 | D:13     | Found Buoci's Distillery.
 23866 | D:14     | Found a portal to a secret trove of treasure.
 24560 | D:14     | Noticed medis's ghost (journeyman DsAK)
 24755 | D:14     | Killed medis's ghost
 25806 | D:14     | Found a hide-covered altar of Uskayaw.
 26027 | D:14     | Reached skill level 10 in Dodging
 26201 | D:14     | Gained mutation: You can fly continuously. [Tengu growth]
 26201 | D:14     | Reached XP level 14. HP: 84/84 MP: 0/32
 27712 | D:14     | Found a gate to the Vaults.
 27818 | D:14     | Found an opulent altar of Gozag.
 27978 | D:15     | Entered Level 15 of the Dungeon
 28147 | D:15     | Reached skill level 1 in Invocations
 29244 | D:15     | Cast into level 2 of the Abyss (a wizard)
 29428 | Abyss:2  | Noticed a tentacled starspawn
 29454 | Abyss:2  | Killed a tentacled starspawn
 29454 | Abyss:2  | Reached skill level 5 in Invocations
 29533 | Abyss:2  | Noticed an Executioner
 29543 | Abyss:2  | Mangled by an Executioner

Vault maps used:
D:1:      dpeg_arrival_rooms_b, minmay_pentomino_x4
D:2:      lemuel_crystal_altar, kennysheep_vampire_church, serial_forest,
          infiniplex_forest_end_2, infiniplex_forest_lined_1,
          infiniplex_forest_lined_4_way, infiniplex_forest_clump_curved,
          infiniplex_forest_clump_curved, infiniplex_forest_clump_small,
          okawaru_metal_pillars_1_2
D:3:      dancing_weapons_uskayaw, lemuel_coloured_pillars_altar
D:4:      first_ration
D:5:      minmay_goblin_kobold_castle, kennysheep_little_box, kennysheep_mini,
          old_standard_altar, gup_sewer_entry_bowl, fedhas_altar_1
D:6:      minmay_temple_entry_butterflies, basic_altar, serial_shops,
          kennysheep_mini_moat
D:7:      nemelex_xobeh_ov_fountains_minmay, kennysheep_generic_room_5,
          uniq_menkaure
D:8:      black_bear_nest_2, nicolae_ru_great_annihilating_truth,
          nicolae_ossuary_entry_plus, uniq_psyche
D:9:      lemuel_round_altar, makhleb_grotto_becter, grunt_livestock,
          minivault_7, uniq_joseph, uniq_erica
D:10:     lair_entry_dummy, erik_orc_4, uniq_snorg, uniq_urug
D:11:     kennysheep_small_spiral
D:12:     st_stairs_1, grunt_ministairs_4
D:13:     enter_bailey_7, serial_shops, nicolae_shop_trees
D:14:     hangedman_vaults_entry_quadrant_bands, nicolae_two_hexagons,
          basic_altar, enter_trove_3, minmay_tree_intersection,
          grunt_gozag_statues
D:15:     grunt_enter_depths_magical_seal, minmay_misc_feat_encased
Sewer:    sewer_kobolds
Ossuary:  minmay_ossuary_two_tombs
Bailey:   bailey_polearm_1, bailey

Skill      XL: |  1  2  3  4  5  6  7  8  9 10 11 12 13 14 |
---------------+-------------------------------------------+-----
Fighting       | 1 2 3 6 8 |  8.0
Dodging        | 3 4 7 10 12 | 12.0
Conjurations   | 2 3 4 5 8 10 13 | 13.0
Shields        | 2 4 |  4.0
Spellcasting   | 4 5 9 10 11 13 | 13.0
Air Magic      | 5 8 10 12 13 | 13.0
Invocations    | 6 |  6.0
Stealth        | |  2.0

Action                   |  1- 3 |  4- 6 |  7- 9 | 10-12 | 13-15 || total
-------------------------+-------+-------+-------+-------+-------++-------
Melee: Unarmed           |     9 |       |       |       |       ||     9
       Kick              |     8 |    18 |    30 |    33 |    53 ||   142
       Short sword       |    12 |       |       |       |       ||    12
       Peck              |     6 |    11 |    23 |    24 |    31 ||    95
       Glaive            |    25 |   129 |   179 |   112 |       ||   445
       Scimitar          |       |       |       |    53 |    97 ||   150
 Fire: Blowgun           |       |    31 |     3 |       |       ||    34
       Hunting sling     |       |       |       |    10 |       ||    10
 Cast: Shock             |    41 |    10 |       |       |       ||    51
       Static Discharge  |     1 |    12 |    28 |    11 |       ||    52
       Airstrike         |       |       |   134 |   365 |   401 ||   900
       Lightning Bolt    |       |       |       |    29 |    44 ||    73
       Mephitic Cloud    |       |       |       |     1 |     2 ||     3
       Swiftness         |       |       |       |     1 |     1 ||     2
       Conjure Flame     |       |       |       |       |     5 ||     5
       Blink             |       |       |       |       |     1 ||     1
Invok: Divine Energy     |       |       |     1 |       |       ||     1
       Channel Magic     |       |       |       |       |     2 ||     2
 Abil: Fly               |       |     8 |     9 |    19 |    13 ||    49
       Stop Flying       |       |       |       |       |     2 ||     2
  Use: Scroll            |     2 |     9 |     4 |    10 |     4 ||    29
       Potion            |       |     6 |     4 |     2 |     4 ||    16
 Stab: Sleeping          |     1 |    11 |     2 |     3 |       ||    17
       Distracted        |       |       |     1 |       |       ||     1
       Invisible         |       |       |       |       |     4 ||     4
  Eat: Chunk             |     2 |    12 |    41 |    49 |    27 ||   131
       Ration            |       |     1 |     1 |     4 |     3 ||     9
Armor: Robe              |     1 |    31 |    36 |    91 |       ||   159
       Skin              |       |       |    33 |       |       ||    33
       Troll leather arm |       |       |       |    35 |    49 ||    84
Dodge: Dodged            |    34 |   135 |   193 |   311 |   313 ||   986
Block: Buckler           |       |       |       |    73 |    99 ||   172
       Rpst.: Scimitar   |       |       |       |    29 |    59 ||    88

Table legend:
 A = Spawn XP
 B = Non-spawn XP
 C = Spawn XP percentage of total XP
 D = Spawn monster count
 E = Non-spawn monster count
 F = Spawn count percentage of total count
 G = Total turns spent on level
                    A         B        C        D         E        F      G
               +---------+---------+-------+---------+---------+-------+---------
         Total |     803 |   74226 |   1.1 |       5 |     594 |   0.8 | 29543
               +---------+---------+-------+---------+---------+-------+---------
           D:1 |       0 |      35 |   0.0 |       0 |      18 |   0.0 |   998
           D:2 |       0 |     210 |   0.0 |       0 |      32 |   0.0 |  1469
           D:3 |       0 |     166 |   0.0 |       0 |      22 |   0.0 |  2156
           D:4 |       0 |     247 |   0.0 |       0 |      12 |   0.0 |   913
           D:5 |       0 |    1189 |   0.0 |       0 |      76 |   0.0 |  2853
           D:6 |       0 |    1098 |   0.0 |       0 |      22 |   0.0 |   996
           D:7 |       0 |    1437 |   0.0 |       0 |      31 |   0.0 |  1463
           D:8 |       0 |    3747 |   0.0 |       0 |      29 |   0.0 |  1257
           D:9 |       0 |    8379 |   0.0 |       0 |      53 |   0.0 |  3807
          D:10 |       0 |    3718 |   0.0 |       0 |      26 |   0.0 |   845
          D:11 |       0 |    7318 |   0.0 |       0 |      49 |   0.0 |  2006
          D:12 |       0 |    7300 |   0.0 |       0 |      37 |   0.0 |  1805
          D:13 |       0 |    4903 |   0.0 |       0 |      25 |   0.0 |  1901
          D:14 |       0 |   20021 |   0.0 |       0 |      73 |   0.0 |  3746
          D:15 |       0 |    7980 |   0.0 |       0 |      19 |   0.0 |  1077
       Abyss:2 |     803 |    4467 |  15.2 |       5 |       7 |  41.7 |   299
         Sewer |       0 |     109 |   0.0 |       0 |      10 |   0.0 |   491
       Ossuary |       0 |     467 |   0.0 |       0 |      36 |   0.0 |   755
        Bailey |       0 |    1435 |   0.0 |       0 |      17 |   0.0 |   706
               +---------+---------+-------+---------+---------+-------+---------
